[Event "Team 45 45 League T36"]
[Site "Internet Chess Club"]
[Date "2008.02.25"]
[Round "5"]
[White "Mutaant"]
[Black "seldredg"]
[Result "0-1"]
[WhiteElo "1393"]
[BlackElo "1323"]
[Opening "Sicilian defense"]
[ECO "B20"]
[Time "20:59:27"]
[TimeControl "2700+45"]

1. e4 c5 2. Bc4 Nc6 3. Nf3 Nf6 4. Nc3 e6 5. d3 Na5 6. Nd2 Nxc4 7. Nxc4 Be7 8.
Bf4 d6 9. Qf3 e5 10. Bd2 a6 11. O-O Bg4 12. Qg3 Qd7 13. Ne3 g6 14. Nxg4 Nxg4 15.
Nd5 Rb8 16. Nxe7 Kxe7 17. Bg5+ Nf6 18. f4 h6 19. fxe5 hxg5 20. exf6+ Kd8 21.
Qxg5 Kc7 22. Rae1 Rh5 23. Qf4 Re5 24. c3 Rh8 25. Rf3 Qe6 26. b3 b5 27. d4 Reh5
28. h3 Rh4 29. Qe3 R8h5 30. g4 Rxh3 31. Rxh3 Qxg4+ 32. Rg3 Qh4 33. Kf2 Qxf6+ 34.
Ke2 Rh2+ 35. Kd3 c4+ 36. bxc4 bxc4+ 37. Kxc4 Rxa2 38. Qg5 Qe6+ 39. d5 Qd7 40.
Rf3 Qa4+ 41. Kd3 Qc2+ 42. Kd4 Ra4+ 43. c4 Rxc4+ 44. Ke3 Rxe4# {White checkmated}
0-1

[Event "Team 45 45 League T36"]
[Site "Internet Chess Club"]
[Date "2008.03.01"]
[Round "5"]
[White "furrbrain"]
[Black "moreffee"]
[Result "0-1"]
[WhiteElo "1190"]
[BlackElo "1347"]
[Opening "Sicilian: Smith-Morra gambit"]
[ECO "B21"]
[Time "13:55:35"]
[TimeControl "2700+45"]

1. e4 c5 2. d4 cxd4 3. c3 dxc3 4. Nxc3 Nc6 5. Nf3 d6 6. Bc4 e6 7. O-O a6 8. b3
Be7 9. Bb2 Nf6 10. Rc1 O-O 11. Qe2 b5 12. Bd3 e5 13. h3 Be6 14. Ng5 Nd4 15. Qd2
Nh5 16. Nxe6 fxe6 17. Ne2 Bg5 18. Qb4 Bxc1 19. Rxc1 Nxe2+ 20. Bxe2 Nf4 21. Bg4
Kh8 22. g3 Nd3 23. Qd2 Nxc1 24. Qxc1 Rc8 25. Qe3 Qe7 26. Ba3 Rc6 27. Qd2 Qc7 28.
Bxe6 Rc2 29. Qe3 Rfxf2 30. Qxf2 Rxf2 31. Kxf2 Qc2+ 32. Kf3 Qxa2 33. Bxd6 Qb2 34.
Kg4 Qe2+ 35. Kf5 Qh5# {White checkmated} 0-1

[Event "Team 45 45 League T36"]
[Site "Internet Chess Club"]
[Date "2008.02.23"]
[Round "5"]
[White "knight2f3"]
[Black "carolinaknight"]
[Result "1-0"]
[WhiteElo "1378"]
[BlackElo "1264"]
[Opening "Queen's pawn"]
[ECO "A40"]
[Time "19:35:50"]
[TimeControl "2700+45"]

1. d4 e6 2. Bf4 Nf6 3. e3 c5 4. c3 Nc6 5. Nf3 Qb6 6. Qb3 Qxb3 7. axb3 Be7 8. h3
b6 9. Bd3 O-O 10. O-O Bb7 11. Na3 Na5 12. Ne5 Nxb3 13. Nb5 Nxa1 14. Rxa1 Be4 15.
Bf1 Rfc8 16. Bg5 a6 17. Bxf6 Bxf6 18. Nd6 Rc7 19. Nxe4 Be7 20. Rd1 d5 21. Nd2
cxd4 22. exd4 Bf6 23. Ndf3 b5 24. Nd3 a5 25. Nc5 b4 26. Ra1 bxc3 27. bxc3 Be7
28. Na4 Rb7 29. Nd2 Bg5 30. Nc5 Rc7 31. Ndb3 Be7 32. Bd3 Bd6 33. Ra4 e5 34. f3
exd4 35. cxd4 Bf4 36. Kf2 Re7 37. g3 Be3+ 38. Kg2 Rc7 39. f4 g6 40. Kf3 Re7 41.
Nxa5 Bd2 42. Nc6 Re3+ 43. Kg4 f5+ 44. Bxf5 gxf5+ 45. Kxf5 Rf8+ 46. Kg4 Be1 47.
Ra7 Rxg3+ 48. Kh5 Rf5+ 49. Kh4 Rxf4+ 50. Kh5 Rxh3+ 51. Kg5 Bd2 52. Ne7+ Kh8 53.
Ra8+ Kg7 54. Ne6+ Kf7 55. Nxf4 Kxe7 56. Kf5 Rh4 57. Nxd5+ Kf7 58. Ra7+ Kg8 59.
Ke6 Re4+ 60. Kf6 h6 61. Ne7+ Kh7 62. Ng6+ Kg8 63. Rg7# {Black checkmated} 1-0

[Event "Team 45 45 League T36"]
[Site "Internet Chess Club"]
[Date "2008.02.26"]
[Round "5"]
[White "WzeroMN"]
[Black "squeege"]
[Result "0-1"]
[WhiteElo "1069"]
[BlackElo "1134"]
[Opening "Ruy Lopez: Möller defense"]
[ECO "C70"]
[Time "18:55:59"]
[TimeControl "2700+45"]

1. e4 e5 2. Nf3 Nc6 3. Bb5 a6 4. Ba4 Bc5 5. O-O Nf6 6. Re1 O-O 7. d3 Re8 8. Nbd2
b5 9. Bb3 Ng4 10. Rf1 Bxf2+ 11. Rxf2 Nxf2 12. Kxf2 d6 13. Bd5 Bb7 14. b4 Rb8 15.
c3 Ne7 16. Bxb7 Rxb7 17. Nb3 Ng6 18. Be3 d5 19. Na5 Rb6 20. Bxb6 cxb6 21. Nb3
dxe4 22. dxe4 Qf6 23. Qd7 Rd8 24. Qf5 Qd6 25. Ke1 Qd3 26. Rc1 Nf4 27. Kf2 Qe2+
28. Kg3 Qxa2 29. Qxe5 Ne2+ 30. Kg4 Nxc1 31. Nxc1 Qxg2+ 32. Qg3 Qc2 33. Qf4 Qxc3
34. Na2 Qb2 35. Qc7 Rf8 36. Nc3 Qxb4 37. Kf4 a5 38. Nd5 Qb2 39. Ne7+ Kh8 40. Nf5
a4 41. Qe7 Kg8 42. Qg5 g6 43. Ne7+ Kh8 44. Qh6 Qc1+ {White resigns} 0-1

[Event "Team 45 45 League T36"]
[Site "Internet Chess Club"]
[Date "2008.02.24"]
[Round "5"]
[White "Ocho-Cinco"]
[Black "bmw2002"]
[Result "0-1"]
[WhiteElo "1733"]
[BlackElo "1676"]
[Opening "Caro-Kann: advance variation"]
[ECO "B12"]
[Time "20:15:23"]
[TimeControl "2700+45"]

1. e4 c6 2. d4 d5 3. e5 Bf5 4. g4 Be4 5. f3 Bg6 6. h4 h5 7. g5 e6 8. Ne2 c5 9.
Nf4 Bf5 10. Bb5+ Nc6 11. Nc3 a6 12. Bd3 cxd4 13. Bxf5 dxc3 14. Bd3 cxb2 15. Bxb2
g6 16. Qe2 Bc5 17. Bxg6 Nge7 18. Bd3 Qa5+ 19. Kf1 Qb4 20. c4 Rd8 21. g6 Nd4 22.
Bxd4 Bxd4 23. Rb1 Qa3 24. Rxb7 Qc1+ 25. Kg2 Qxf4 26. cxd5 fxg6 27. d6 Nf5 28.
Bxf5 gxf5 29. Qd3 Rg8+ 30. Kf1 Qc1+ 31. Qd1 Qxd1# {White checkmated} 0-1

[Event "Team 45 45 League T36"]
[Site "Internet Chess Club"]
[Date "2008.02.24"]
[Round "5"]
[White "Luckydawg"]
[Black "Tyler"]
[Result "1-0"]
[WhiteElo "1672"]
[BlackElo "1387"]
[Opening "English opening"]
[ECO "A20"]
[Time "08:06:35"]
[TimeControl "2700+45"]

1. c4 e5 2. g3 d6 3. Bg2 Nf6 4. Nc3 Be6 5. d3 Nbd7 6. Bxb7 Rb8 7. Bg2 Be7 8. Nb5
a6 9. Na7 Rb6 10. Nc6 Qc8 11. Nxe7 Kxe7 12. Nf3 h6 13. O-O Rb8 14. b3 Rg8 15. d4
Rd8 16. Qc2 g6 17. dxe5 Nxe5 18. Nxe5 Bf5 19. e4 Nxe4 20. Bxe4 Bxe4 21. Qxe4
dxe5 22. Qxe5+ Kf8 23. Bxh6+ Kg8 24. Qg7# {Black checkmated} 1-0

[Event "Team 45 45 League T36"]
[Site "Internet Chess Club"]
[Date "2008.02.24"]
[Round "5"]
[White "kublai"]
[Black "Mantra"]
[Result "0-1"]
[WhiteElo "1362"]
[BlackElo "1582"]
[Opening "Budapest defense declined"]
[ECO "A51"]
[Time "16:01:16"]
[TimeControl "2700+45"]

1. d4 Nf6 2. c4 e5 3. d5 Bc5 4. e3 d6 5. Nc3 Bf5 6. a3 a6 7. b4 Ba7 8. Bd3 Qd7
9. f3 O-O 10. Bxf5 Qxf5 11. e4 Qc8 12. Qe2 Nbd7 13. Be3 Ne8 14. Bxa7 Rxa7 15.
Qe3 Ra8 16. Nge2 f5 17. O-O Ndf6 18. exf5 Qxf5 19. Ne4 Nxe4 20. fxe4 Qd7 21.
Rxf8+ Kxf8 22. Ng3 Nf6 23. Rf1 Kg8 24. Qg5 Qg4 25. Qxg4 Nxg4 26. Rf3 Nf6 27. h3
Rf8 28. Nf5 Re8 29. Ng3 Rf8 30. Nf5 Re8 31. Ng3 Re7 32. Kf2 Rf7 33. Ke3 g6 34.
Nf1 Nh5 35. Rxf7 Kxf7 36. Nd2 Nf4 37. Nf3 Nxg2+ 38. Kf2 Nf4 39. Ng5+ Kg8 40. h4
Kg7 41. Kf3 h6 42. Ne6+ Nxe6 43. dxe6 Kf6 44. e7 Kxe7 45. Kg3 Kf6 46. Kg4 b6 47.
a4 h5+ 48. Kg3 g5 49. b5 axb5 50. axb5 g4 51. Kf2 Ke6 52. Ke3 Kd7 53. Kd3 c6 54.
Ke3 cxb5 55. cxb5 Ke6 56. Kd3 d5 57. exd5+ Kxd5 58. Ke3 e4 59. Ke2 Kd4 60. Kd2
e3+ 61. Ke2 {White resigns} 0-1

[Event "Team 45 45 League T36"]
[Site "Internet Chess Club"]
[Date "2008.02.25"]
[Round "5"]
[White "AlPearson"]
[Black "bajerk"]
[Result "1/2-1/2"]
[WhiteElo "1461"]
[BlackElo "1323"]
[Opening "English: three knights system"]
[ECO "A27"]
[Time "10:06:08"]
[TimeControl "2700+45"]

1. c4 e5 2. Nc3 Nc6 3. Nf3 Bc5 4. d3 h6 5. g3 Nf6 6. Bg2 d6 7. O-O a6 8. a3 Bg4
9. b4 Ba7 10. h3 Be6 11. e3 Qd7 12. Kh2 g5 13. Ng1 d5 14. cxd5 Nxd5 15. Nxd5
Bxd5 16. Bb2 Qd6 17. d4 e4 18. Qe2 f5 19. Rfc1 h5 20. b5 Na5 21. Rc3 h4 22. bxa6
bxa6 23. Rac1 Bb6 24. a4 hxg3+ 25. fxg3 g4 26. h4 Rxh4+ 27. Bh3 gxh3 28. Nxh3
Qh6 29. gxh4 Qxh4 30. Qf2 Qxf2+ 31. Nxf2 Kd7 32. Ba3 c6 33. Bc5 Bc7+ 34. Kg2
Rg8+ 35. Kf1 Nb3 36. Rd1 Ba5 37. Rc2 Rg3 38. Ke2 f4 39. exf4 e3 40. Nh1 Bf3+ 41.
Kd3 Bxd1 42. Nxg3 Bxc2+ 43. Kxc2 Nxc5 44. dxc5 Bd2 45. Kd1 Ke6 46. Nf1 Bb4 47.
Nxe3 Bxc5 48. Ng4 Bb4 49. Ne5 c5 50. Nd3 Kf5 51. Kc2 a5 52. Kb3 Ke4 53. Kc4 Ba3
54. f5 Kxf5 55. Nxc5 Bb4 56. Kb5 Ke5 57. Nb7 Kd5 58. Nxa5 Be1 59. Kb6 Kd6 60.
Nc6 Kd7 61. Kb5 Kc7 62. Nb4 Kb7 63. Nc6 Kc7 64. Nb4 Kb7 65. a5 Ka7 66. Kc5 Bf2+
{Game drawn by mutual agreement} 1/2-1/2

[Event "Team 45 45 League T36"]
[Site "Internet Chess Club"]
[Date "2008.02.23"]
[Round "5"]
[White "Rookmaster"]
[Black "GrandPoobah069"]
[Result "1-0"]
[WhiteElo "1659"]
[BlackElo "1676"]
[Opening "Sicilian, Chekhover variation"]
[ECO "B53"]
[Time "20:02:19"]
[TimeControl "2700+45"]

1. e4 c5 2. Nf3 d6 3. d4 cxd4 4. Qxd4 a6 5. Be3 Nc6 6. Qd2 g6 7. Nc3 Bg7 8.
O-O-O b5 9. Ng5 Bb7 10. f4 Nf6 11. Bd3 O-O 12. Nf3 Rc8 13. h3 Nb4 14. Kb1 Qa5
15. a3 Nxd3 16. cxd3 Nd7 17. Ne2 Qxd2 18. Rxd2 Rc7 19. Rc1 Rfc8 20. Rxc7 Rxc7
21. Rc2 Rxc2 22. Kxc2 Nc5 23. Bxc5 dxc5 24. g4 c4 25. Nc3 f5 26. Nd2 cxd3+ 27.
Kxd3 e6 28. g5 Kf7 29. e5 h6 30. h4 hxg5 31. hxg5 Bf8 32. b4 Be7 33. Ne2 Bd8 34.
Nc1 Bb6 35. Ncb3 Bd5 36. Nc5 a5 37. Ndb3 a4 38. Nd4 Bc4+ 39. Kc3 Ke7 40. Kc2 Bc7
41. Kc3 Bb6 42. Nxa4 Bc7 43. Nc5 Bb6 44. a4 Bxc5 45. bxc5 Bd5 46. axb5 Kd7 47.
Kb4 Kc7 48. Ka5 Kb7 49. c6+ Kc8 50. Kb6 Bc4 51. Kc5 Bd5 52. Kd6 Bc4 53. b6 Ba2
54. Nxe6 Bc4 55. Nf8 Bf7 56. b7+ Kb8 57. Nd7+ {Black resigns} 1-0

[Event "Team 45 45 League T36"]
[Site "Internet Chess Club"]
[Date "2008.02.23"]
[Round "5"]
[White "C-Jones"]
[Black "DaveTheRook"]
[Result "1/2-1/2"]
[WhiteElo "1569"]
[BlackElo "1676"]
[Opening "Robatsch (modern) defense"]
[ECO "B06"]
[Time "15:02:12"]
[TimeControl "2700+45"]

1. e4 g6 2. Nf3 d6 3. h3 Bg7 4. Nc3 Nd7 5. d4 Ngf6 6. Bc4 O-O 7. O-O c6 8. e5
dxe5 9. dxe5 Nd5 10. Nxd5 cxd5 11. Bxd5 Nxe5 12. Nxe5 Bxe5 13. Bh6 Bg7 14. Bxg7
Kxg7 15. Qf3 Rb8 16. Qc3+ Kg8 17. Rad1 Qb6 18. Qe5 Bf5 19. Qxe7 Rbe8 20. Qxb7
Qxb7 21. Bxb7 Rb8 22. g4 Rxb7 23. gxf5 Rxb2 24. fxg6 fxg6 25. c4 Rxa2 26. Ra1
Rc2 27. Rxa7 Rxc4 28. Re1 Rcf4 29. Ree7 R4f7 30. Rxf7 Rxf7 31. Rxf7 Kxf7 32. Kg2
Kf6 33. Kg3 Kg5 34. f3 Kf5 35. h4 h5 36. Kh3 Kf4 37. Kg2 Kf5 38. Kh3 Kf4 39. Kg2
Kf5 {Game drawn by mutual agreement} 1/2-1/2

[Event "Team 45 45 League T36"]
[Site "Internet Chess Club"]
[Date "2008.02.21"]
[Round "5"]
[White "DonPacheco"]
[Black "Dostoy"]
[Result "1/2-1/2"]
[WhiteElo "1644"]
[BlackElo "1615"]
[Opening "Caro-Kann: exchange variation"]
[ECO "B13"]
[Time "13:02:38"]
[TimeControl "2700+45"]

1. e4 c6 2. d4 d5 3. exd5 cxd5 4. Bd3 Nc6 5. c3 Qc7 6. Bg5 Nf6 7. Nd2 Bg4 8.
Ngf3 e6 9. Bh4 Bd6 10. Bg3 Bh5 11. Bxd6 Qxd6 12. O-O O-O 13. Re1 Rab8 14. a4
Rfe8 15. Qc2 Bxf3 16. Nxf3 e5 17. dxe5 Nxe5 18. Nxe5 Rxe5 19. Rxe5 Qxe5 20. Qe2
Qxe2 21. Bxe2 Re8 22. Kf1 Kf8 23. Rd1 a5 24. Bf3 Re5 25. b4 b6 26. bxa5 bxa5 27.
Rb1 Ne4 28. Bxe4 Rxe4 29. Rb5 Rxa4 30. Rxd5 Ke7 31. Ke2 Ke6 32. Rb5 Ra2+ 33. Ke3
a4 34. Rb6+ Ke5 35. Ra6 g6 36. Ra7 Ke6 37. c4 a3 38. Ra6+ Kd7 39. g4 h5 {Game
drawn by mutual agreement} 1/2-1/2

[Event "Team 45 45 League T36"]
[Site "Internet Chess Club"]
[Date "2008.02.23"]
[Round "5"]
[White "Vitruvian"]
[Black "fileman"]
[Result "1/2-1/2"]
[WhiteElo "1821"]
[BlackElo "1869"]
[Opening "Giuoco Pianissimo"]
[ECO "B00"]
[Time "12:34:48"]
[TimeControl "2700+45"]

1. e4 Nc6 2. Bc4 e5 3. d3 Bc5 4. Nf3 d6 5. O-O Nge7 6. c3 O-O 7. Bg5 h6 8. Be3
Bb6 9. Nbd2 Be6 10. Bb5 f5 11. exf5 Nxf5 12. Bxb6 axb6 13. a3 Nce7 14. Ne4 c6
15. Ba4 Ng6 16. Bc2 d5 17. Ng3 Nfh4 18. Nxh4 Qxh4 19. Qh5 Qf6 20. Rae1 Rae8 21.
Qe2 Bd7 22. Qd2 Nf4 23. Bd1 Qf7 24. Re3 Re7 25. Ne2 g5 {Game drawn by mutual
agreement} 1/2-1/2

[Event "Team 45 45 League T36"]
[Site "Internet Chess Club"]
[Date "2008.02.23"]
[Round "5"]
[White "hansolo1000"]
[Black "superbeast"]
[Result "0-1"]
[WhiteElo "1762"]
[BlackElo "1755"]
[Opening "Nimzo-Indian: Sämisch, Capablanca variation"]
[ECO "E26"]
[Time "20:55:46"]
[TimeControl "2700+45"]

1. d4 Nf6 2. c4 e6 3. Nc3 Bb4 4. a3 Bxc3+ 5. bxc3 c5 6. e3 Nc6 7. Bd3 O-O 8. Ne2
b6 9. e4 Ne8 10. O-O Ba6 11. f4 f5 12. exf5 exf5 13. Qc2 Nd6 14. dxc5 bxc5 15.
Ng3 Bxc4 16. Bxc4+ Nxc4 17. Nxf5 Qf6 18. Ne3 Nxe3 19. Bxe3 d6 20. Rad1 Rad8 21.
Rd5 Ne7 22. Rh5 g6 23. Rg5 h6 24. Qb3+ Kh7 25. Rg4 Qf5 26. h3 Nd5 27. Bc1 Rb8
28. Qd1 Nf6 29. Qxd6 Nxg4 30. hxg4 Qc8 31. Qe7+ Kg8 32. Qd6 Rb6 33. Qd5+ Kh7 34.
f5 gxf5 35. gxf5 Rbf6 36. Qd2 Qc6 37. c4 Rxf5 38. Rxf5 Rxf5 39. Qd3 Qg6 40. Qd7+
Rf7 41. Qd5 Qf5 42. Qd2 Rf6 43. Bb2 Qf1+ 44. Kh2 Qf4+ {White resigns} 0-1

[Event "Team 45 45 League T36"]
[Site "Internet Chess Club"]
[Date "2008.02.25"]
[Round "5"]
[White "hondocando"]
[Black "QueensCounselor"]
[Result "1-0"]
[WhiteElo "1613"]
[BlackElo "1754"]
[Opening "Sicilian: closed"]
[ECO "B24"]
[Time "15:07:04"]
[TimeControl "2700+45"]

1. e4 c5 2. Nc3 Nc6 3. g3 Nf6 4. Bg2 d6 5. d3 g6 6. Be3 Bg7 7. h3 O-O 8. Qd2 a6
9. Bh6 Be6 10. Nge2 Rb8 11. a4 Nb4 12. Bxg7 Kxg7 13. O-O Qd7 14. Nf4 Nc6 15.
Nxe6+ fxe6 16. f4 Nd4 17. Ne2 Nxe2+ 18. Qxe2 Nh5 19. Rf3 Rf7 20. b3 Rbf8 21.
Raf1 a5 22. c4 e5 23. fxe5 Rxf3 24. Rxf3 Rxf3 25. Qxf3 dxe5 26. Qe3 b6 27. Kh2
Nf6 28. Bf3 h6 29. Be2 Qd4 30. Qxd4 exd4 31. g4 e5 32. Kg3 Nd7 33. h4 Kf6 34. h5
gxh5 35. Kh4 hxg4 36. Bxg4 Nb8 37. Kh5 Nc6 38. Kxh6 Nb4 39. Be2 Na2 40. Bd1 Nc3
41. Bg4 Nb1 42. Kh7 Kg5 43. Bd1 Kf4 44. Kg6 Ke3 45. Kf5 Kxd3 46. Kxe5 Nd2 47.
Bh5 Ke3 48. Bg6 Nf3+ 49. Kd5 Nh4 50. Bh7 d3 51. e5 d2 52. Bc2 Nf5 53. Bd1 Nd4
54. e6 Nxe6 55. Kxe6 Kf2 56. Kd6 Ke1 57. Bf3 d1=Q+ 58. Bxd1 Kxd1 59. Kc6 Kc2 60.
Kxb6 Kxb3 61. Kb5 {Black resigns} 1-0

[Event "Team 45 45 League T36"]
[Site "Internet Chess Club"]
[Date "2008.02.24"]
[Round "5"]
[White "Steinwitz"]
[Black "vaknight"]
[Result "1-0"]
[WhiteElo "1812"]
[BlackElo "1553"]
[Opening "Sicilian defense"]
[ECO "B32"]
[Time "16:02:46"]
[TimeControl "2700+45"]

1. e4 c5 2. Nf3 Nc6 3. d4 cxd4 4. Nxd4 Nxd4 5. Qxd4 d6 6. c4 Nf6 7. Be2 Qc7 8.
O-O g6 9. Nc3 Bg7 10. Qd3 O-O 11. f3 a6 12. Be3 Be6 13. Rac1 Rac8 14. b3 Nd7 15.
Qd2 Ne5 16. Kh1 Qd7 17. Rfd1 Rfd8 18. Na4 Rc6 19. Bb6 Rdc8 20. Bd4 Qd8 21. Nc3
Bxc4 22. bxc4 Nxc4 23. Bxc4 Rxc4 24. Bxg7 Kxg7 25. Nd5 Rxc1 26. Rxc1 Rxc1+ 27.
Qxc1 Qa5 28. Qc3+ Qxc3 29. Nxc3 e6 30. Kg1 Kf6 31. Kf2 Ke5 32. Ke3 g5 33. g3 b5
34. Ne2 h6 35. Nd4 d5 36. Nc6+ Kd6 37. exd5 Kxd5 38. Nb4+ Kc4 39. Nxa6 f5 40. f4
{Black resigns} 1-0

[Event "Team 45 45 League T36"]
[Site "Internet Chess Club"]
[Date "2008.02.24"]
[Round "5"]
[White "qs16"]
[Black "Razorbackchess"]
[Result "1/2-1/2"]
[WhiteElo "1828"]
[BlackElo "1736"]
[Opening "King's Indian: Sämisch, 6...Nc6"]
[ECO "E83"]
[Time "13:05:41"]
[TimeControl "2700+45"]

1. d4 Nf6 2. c4 g6 3. Nc3 Bg7 4. e4 d6 5. f3 O-O 6. Be3 Nc6 7. Rc1 e5 8. d5 Ne7
9. Bd3 Ne8 10. Nge2 f5 11. exf5 gxf5 12. O-O Ng6 13. Qd2 Rf6 14. Bg5 Qe7 15.
Bxf6 Bxf6 16. Rce1 Qg7 17. Ng3 f4 18. Nh5 Qe7 19. Nxf6+ Qxf6 20. Ne4 Qg7 21. Kh1
Kh8 22. Rg1 Nh4 23. Qf2 Qh6 24. g3 Nf5 25. gxf4 Nf6 26. Nxf6 Qxf6 27. fxe5 dxe5
28. Bxf5 Bxf5 29. Qg3 Bg6 30. Rxe5 Rf8 31. Re3 Qxb2 32. Qxc7 Qf2 33. Qe5+ Kg8
34. Qe6+ Kh8 35. Qe5+ Kg8 36. Qc3 Rf5 37. Re7 Rf7 38. Re8+ Rf8 39. Rxf8+ Kxf8
40. Qf6+ Ke8 41. Rxg6 hxg6 42. Qxg6+ Kd7 43. Qg4+ Kd8 44. h4 Qxa2 45. Qe4 Qa1+
46. Kg2 a5 47. Kf2 a4 48. d6 Qb2+ 49. Ke3 Qc3+ 50. Qd3 Qe1+ 51. Kd4 Qxh4+ 52.
Kc3 Qe1+ 53. Kb2 Qb4+ 54. Ka2 Kd7 55. f4 b5 56. cxb5 Qxf4 57. b6 Qf2+ 58. Ka3
Qxb6 59. Kxa4 Qxd6 {Game drawn by mutual agreement} 1/2-1/2

[Event "Team 45 45 League T36"]
[Site "Internet Chess Club"]
[Date "2008.02.24"]
[Round "5"]
[White "pishd"]
[Black "Mater"]
[Result "1-0"]
[WhiteElo "1804"]
[BlackElo "1667"]
[Opening "Queen's pawn, Mason variation"]
[ECO "D00"]
[Time "11:06:33"]
[TimeControl "2700+45"]

1. d4 d5 2. Bf4 Nf6 3. e3 e6 4. Bd3 c5 5. c3 cxd4 6. exd4 Nc6 7. Nd2 Be7 8. Ngf3
O-O 9. O-O a6 10. Ne5 Nxe5 11. dxe5 Ne4 12. Nxe4 dxe4 13. Bxe4 Qxd1 14. Rfxd1
Rb8 15. a4 b5 16. axb5 axb5 17. b3 Rd8 18. Rxd8+ Bxd8 19. Be3 Bd7 20. Ra7 Be8
21. Kf1 f6 22. Bd4 f5 23. Bb7 Bh5 24. Ke1 g5 25. Bc5 Bc7 26. Bd6 Bxd6 27. exd6
Rd8 28. Ra8 Rxa8 29. Bxa8 Be8 30. c4 Kf7 31. c5 Kf6 32. Kd2 b4 33. c6 {Black
resigns} 1-0

[Event "Team 45 45 League T36"]
[Site "Internet Chess Club"]
[Date "2008.02.24"]
[Round "5"]
[White "oldsj"]
[Black "jacknor"]
[Result "0-1"]
[WhiteElo "1510"]
[BlackElo "1697"]
[Opening "Scandinavian: Pytel-Wade variation"]
[ECO "B01"]
[Time "13:00:24"]
[TimeControl "2700+45"]

1. e4 d5 2. exd5 Qxd5 3. Nc3 Qd6 4. Nf3 Nf6 5. Be2 a6 6. O-O e5 7. d3 Be7 8. Ne4
Nxe4 9. dxe4 O-O 10. Bg5 h6 11. Bxe7 Qxe7 12. c3 Nd7 13. Bc4 Nf6 14. Re1 Bd7 15.
Qc2 Bc6 16. Rad1 Rad8 17. Bd5 Nxd5 18. exd5 Rxd5 19. Rxd5 Bxd5 20. Rxe5 Be6 21.
Nd4 Qf6 22. Re1 Bd7 23. Qd2 Bc8 24. Qe3 c5 25. Nf3 Be6 26. Qxc5 Bxa2 27. Nd4 Be6
28. Nxe6 fxe6 29. Qe3 Re8 30. Qb6 Re7 31. Qd8+ Qf8 32. Qxf8+ Kxf8 33. Rd1 Kf7
34. Kf1 Kf6 35. Ke2 e5 36. Ke3 Kf5 37. Rd5 Kf6 38. Ke4 b6 39. Rd6+ Re6 40. Rxe6+
Kxe6 41. f3 g6 42. g3 Kd6 43. b3 Ke6 44. h3 Kd6 45. Ke3 Kd5 46. Kd3 a5 47. Ke3
b5 48. Kd3 a4 49. c4+ bxc4+ 50. bxc4+ Kc5 51. Kc3 a3 52. Kb3 a2 53. Kxa2 Kxc4
54. Kb2 Kd3 55. Kc1 Ke3 56. Kd1 Kxf3 57. Ke1 Kxg3 58. Ke2 Kxh3 59. Kf3 g5 {White
resigns} 0-1

[Event "Team 45 45 League T36"]
[Site "Internet Chess Club"]
[Date "2008.02.26"]
[Round "5"]
[White "Rhel"]
[Black "AlPearson"]
[Result "1/2-1/2"]
[WhiteElo "1488"]
[BlackElo "1462"]
[Opening "King's Indian: Averbakh, 6...c5"]
[ECO "E74"]
[Time "14:08:03"]
[TimeControl "2700+45"]

1. d4 Nf6 2. c4 g6 3. Nc3 Bg7 4. e4 d6 5. Be2 O-O 6. Bg5 c5 7. Nf3 Bg4 8. dxc5
h6 9. Be3 dxc5 10. Bxc5 Nc6 11. O-O Nd7 12. Be3 Bxc3 13. bxc3 Bxf3 14. Bxf3 Nce5
15. Bxh6 Nxf3+ 16. Qxf3 Re8 17. Rfd1 Qc7 18. Rd4 Rac8 19. Rad1 Ne5 20. Qf4 Nxc4
21. Qxc7 Rxc7 22. Rd7 Rec8 23. Rxc7 Rxc7 24. Bf4 e5 25. Bc1 Kg7 26. h4 {Game
drawn by mutual agreement} 1/2-1/2

[Event "Team 45 45 League T36"]
[Site "Internet Chess Club"]
[Date "2008.03.02"]
[Round "5"]
[White "Zyme"]
[Black "CLEAN"]
[Result "1-0"]
[WhiteElo "1459"]
[BlackElo "1274"]
[Opening "QGD: Marshall defense"]
[ECO "A50"]
[Time "22:06:33"]
[TimeControl "2700+45"]

1. d4 Nf6 2. c4 d5 3. cxd5 Nxd5 4. Nf3 e6 5. e4 Bb4+ 6. Bd2 Bxd2+ 7. Qxd2 Nf6 8.
Nc3 Nc6 9. Bb5 a6 10. Bxc6+ bxc6 11. O-O O-O 12. Rac1 Bb7 13. Rfe1 c5 14. dxc5
Qxd2 15. Nxd2 Rad8 16. Nb3 Ng4 17. f3 Ne5 18. Red1 Nd3 19. Rc2 Nb4 20. Rcd2 Rxd2
21. Rxd2 a5 22. Nxa5 Ba6 23. a3 Nd3 24. b4 f5 25. b5 Nxc5 26. bxa6 Nxa6 27. exf5
Rxf5 28. Nb3 Nc5 29. Nxc5 Rxc5 30. Ne4 Rc1+ 31. Kf2 c5 32. Rd3 Rc2+ 33. Kg3 c4
34. Rc3 Rxc3 35. Nxc3 Kf8 36. Kf4 Ke8 37. Ke5 Kd7 38. Kd4 {Black resigns} 1-0

[Event "Team 45 45 League T36"]
[Site "Internet Chess Club"]
[Date "2008.02.25"]
[Round "5"]
[White "supraholic"]
[Black "t-hobbes"]
[Result "0-1"]
[WhiteElo "1277"]
[BlackElo "1328"]
[Opening "two knights defense: Ulvestad variation"]
[ECO "C57"]
[Time "14:58:56"]
[TimeControl "2700+45"]

1. e4 e5 2. Nf3 Nc6 3. Bc4 Nf6 4. Ng5 d5 5. exd5 b5 6. dxc6 bxc4 7. Qe2 Qd5 8.
Nc3 Qxg2 9. Qxe5+ Be7 10. Rf1 Qxc6 11. Qb5 Bd7 12. Qxc6 Bxc6 13. b3 cxb3 14.
axb3 O-O 15. Bb2 Ng4 16. Rg1 Bxg5 17. Rxg4 Rfe8+ 18. Ne2 Bf3 19. Rxg5 Rxe2+ 20.
Kf1 g6 21. Re5 Rxd2 22. Rae1 Rf8 23. Rc5 Rfd8 24. Rxc7 Rd1 25. Rxa7 Rxe1+ 26.
Kxe1 Rd1# {White checkmated} 0-1

[Event "Team 45 45 League T36"]
[Site "Internet Chess Club"]
[Date "2008.02.24"]
[Round "5"]
[White "WannaB"]
[Black "CoasterBrake"]
[Result "1-0"]
[WhiteElo "1091"]
[BlackElo "1119"]
[Opening "Caro-Kann: exchange variation"]
[ECO "B13"]
[Time "16:02:39"]
[TimeControl "2700+45"]

1. e4 c6 2. d4 d5 3. exd5 cxd5 4. Bd3 Nc6 5. c3 e5 6. Bb5 exd4 7. Bxc6+ bxc6 8.
Qxd4 Nf6 9. b4 Qb6 10. Nf3 Bb7 11. O-O Qxd4 12. Nxd4 Be7 13. Nd2 O-O 14. Nf5
Rfe8 15. Nf3 Bc8 16. Nxe7+ Rxe7 17. Bg5 Ba6 18. Bxf6 gxf6 19. Rfe1 Rae8 20. Rxe7
Rxe7 21. Nd4 Bb7 22. Nf5 Re2 23. Nd4 Re5 24. Nf3 Re2 25. a4 Kf8 26. Nd4 Re4 27.
Nf5 Ba6 28. Nd6 Re2 29. b5 Ke7 30. Nf5+ Kd7 31. bxa6 Rc2 32. g3 Rxc3 33. Ne3 d4
34. Nf5 c5 35. Kf1 d3 36. Ke1 Rc2 37. Ne3 Re2+ 38. Kf1 Ke6 39. Rd1 Ra2 40. Rxd3
Rxa4 41. Kg2 f5 42. Rd5 c4 43. Rxf5 c3 44. Rf4 Rxf4 45. gxf4 Kd6 46. Kf1 Kc5 47.
Ke2 Kb4 48. Nc2+ Kb3 49. Kd3 h6 50. Nd4+ Kb2 51. h4 h5 52. f3 f5 53. Nc2 Kb3 54.
Na1+ Kb2 55. Nc2 Kb3 56. Nd4+ Kb2 57. Kc4 c2 58. Nxc2 Kxc2 59. Kd4 Kb3 60. Ke5
Kc4 61. Kxf5 Kd5 62. Kg5 Ke6 63. f5+ Kf7 64. Kxh5 Kf6 65. Kg4 Kf7 66. h5 Kf6 67.
f4 Kg7 68. Kg5 {Black resigns} 1-0

[Event "Team 45 45 League T36"]
[Site "Internet Chess Club"]
[Date "2008.02.22"]
[Round "5"]
[White "scottrugby"]
[Black "malihini"]
[Result "1-0"]
[WhiteElo "1474"]
[BlackElo "1296"]
[Opening "Caro-Kann: exchange, Rubinstein variation"]
[ECO "B13"]
[Time "18:02:16"]
[TimeControl "2700+45"]

1. e4 c6 2. d4 d5 3. exd5 cxd5 4. Bd3 Nc6 5. c3 Nf6 6. Bf4 e6 7. Nf3 Bd6 8. Bxd6
Qxd6 9. O-O O-O 10. Qe2 Re8 11. Ne5 Qc7 12. Nd2 Nd7 13. f4 f6 14. Qh5 Kf8 15.
Qf7# {Black checkmated} 1-0

[Event "Team 45 45 League T36"]
[Site "Internet Chess Club"]
[Date "2008.02.24"]
[Round "5"]
[White "Riddari"]
[Black "Cataclysm"]
[Result "1-0"]
[WhiteElo "1357"]
[BlackElo "1235"]
[Opening "Pirc: classical (two knights) system"]
[ECO "B08"]
[Time "14:58:15"]
[TimeControl "2700+45"]

1. e4 d6 2. d4 Nf6 3. Nc3 g6 4. Nf3 Bg7 5. Bd3 Bg4 6. h3 Bxf3 7. Qxf3 O-O 8. O-O
Nc6 9. Ne2 Nb4 10. c3 Nxd3 11. Qxd3 c6 12. f4 e5 13. f5 Qb6 14. b3 Rad8 15. Be3
Qc7 16. Ng3 a6 17. Bg5 h6 18. Bxf6 Bxf6 19. Qe3 Bg5 20. Qd3 f6 21. fxg6 Qg7 22.
Nf5 b5 23. h4 Bf4 24. Nxg7 {Black resigns} 1-0